 Dungeon Crawl Stone Soup version 0.29.0-13-gc9e81de378 (webtiles) character file.

Game seed: 8580525499086164673

67 sanka the Poker (level 4, -5/35 HPs)
             Began as a Merfolk Berserker on Sept 7, 2022.
             Was a Believer of Trog.
             Slain by an orc
             ... wielding a +0 flail
              (9 damage)
             ... on level 3 of the Dungeon.
             The game lasted 00:01:17 (1055 turns).

sanka the Poker (Merfolk Berserker)                 Turns: 1055, Time: 00:01:18

Health: -5/35      AC:  3    Str: 19    XL:     4   Next: 16%
Magic:  4/4        EV: 12    Int:  6    God:    Trog [**....]
Gold:   37         SH:  0    Dex: 13    Spells: 3/3 levels left

rFire   . . .      SeeInvis .   a - +0 spear
rCold   . . .      Faith    .   (no shield)
rNeg    . . .      Spirit   .   b - +0 animal skin
rPois   .          Reflect  .   l - +0 helmet
rElec   .          Harm     .   (no cloak)
rCorr   .          Rampage  .   (no gloves)
Will    .....                   (no boots)
Stlth   +.........              (no amulet)
HPRegen 0.11/turn               (no ring)
MPRegen 0.09/turn               (no ring)

@: on berserk cooldown, slowed, very slow
A: (nimble swimmer 2), mertail
a: Renounce Religion, Berserk, Trog's Hand


You were on level 3 of the Dungeon.
You worshipped Trog.
Trog was pleased with you.
You visited 1 branch of the dungeon, and saw 3 of its levels.

You collected 37 gold pieces.


Innate Abilities, Weirdness & Mutations

((You are very nimble when in or above water. (Stealth+, EV+, Speed+++)))
Your lower body shifts to a powerful aquatic tail in water.


   Skills:
 - Level 3.2 Fighting
 + Level 6.5 Polearms
 - Level 1.3 Armour
 - Level 2.6 Dodging


You had 3 spell levels left.
You didn't know any spells.
Your spell library was empty.

Inventory:

Hand Weapons
 a - a +0 spear (weapon)
Armour
 b - a +0 animal skin (worn)
 l - a +0 helmet (worn)
Scrolls
 c - a scroll of vulnerability {unknown}
 d - a scroll of amnesia {unknown}
 e - a scroll of teleportation {unknown}
 f - a scroll of fear {unknown}
 g - a scroll of enchant weapon {unknown}
 k - a scroll of summoning {unknown}
Potions
 h - a potion of curing {unknown}
 i - a potion of resistance {unknown}
 j - a potion of heal wounds {unknown}

Dungeon Overview and Level Annotations

Branches:
Dungeon (3/15)

Altars:
Fedhas

▒ ▒▒. .£.
▒▒▒▒▒.▒ .▒▒
..(.▒.▒.▒
.....▒▒.o......
......rm▒
▒▒▒▒.▒▒▒▒


You could see an orc and a quokka.


Message History

Reactivating autopickup.
Found a stone and 7 gold pieces.
There is a stone staircase leading up here.
Unknown command.
You hit the orc.
The orc is moderately wounded.
The orc hits you with a +0 flail.
* * * LOW HITPOINT WARNING * * *
You closely miss the orc.
The orc is lightly wounded.
Your skin stops crawling.
You feel less strong-willed. The orc completely misses you.
You hit the quokka.
The quokka is lightly wounded.
The quokka bites you but does no damage.
The orc misses you. The quokka bites you.
* * * LOW HITPOINT WARNING * * *
You hit the orc.
The orc is moderately wounded.
The orc barely misses you. The quokka barely misses you. The orc misses you.
You hit the orc but do no damage.
The orc is moderately wounded.
The quokka misses you.
The quokka bites you but does no damage.
The orc hits you with a +0 flail!
You die...

Action                   |  1- 3 |  4- 6 || total
-------------------------+-------+-------++-------
Melee: Spear             |    81 |    15 ||    96
       Punch             |     1 |       ||     1
Invok: Berserk           |     1 |       ||     1
       Trog's Hand       |       |     1 ||     1
 Stab: Sleeping          |     1 |       ||     1
Armor: Animal skin       |     9 |     8 ||    17
Dodge: Dodged            |    32 |    14 ||    46

Levels and vault maps discovered:
D:1:      dpeg_arrival_tiny_k, layout_basic, shapermc_ecumenical_altar_gd,
          minmay_pentomino_o4
D:2:      layout_rooms, basic_altar, grunt_ministairs_14
D:3:      layout_loops_ring, nicolae_overflow_two_pavilions

Notes
Turn   | Place    | Note
-------+----------+-------------------------------------------
     0 | D:1      | sanka the Merfolk Berserker began the quest for the Orb.
     0 | D:1      | Reached XP level 1. HP: 18/18 MP: 1/1
    39 | D:1      | Reached XP level 2. HP: 24/24 MP: 2/2
   218 | D:1      | Reached skill level 5 in Polearms
   340 | D:1      | Found a faded altar of an unknown god.
   585 | D:1      | Reached XP level 3. HP: 29/29 MP: 3/3
  1025 | D:2      | Found a blossoming altar of Fedhas.
  1033 | D:2      | Reached skill level 6 in Polearms
  1033 | D:2      | Reached XP level 4. HP: 25/35 MP: 4/4
  1033 | D:2      | Reached ** piety under Trog
  1055 | D:3      | Slain by an orc

Vanquished Creatures
  An orc priest (D:2)
  A worm (D:2)
  An orc (D:2)
  4 endoplasms
  4 goblins (D:1)
  4 hobgoblins
  A quokka (D:1)
  4 ball pythons
  4 bats
  2 kobolds (D:1)
  7 rats
33 creatures vanquished.
